 Dungeon Crawl Stone Soup version 0.21-b1-23-g1fb0a74 (webtiles) character file.

49 Monsterracer the Grave Robber (level 3, 5/28 HPs)
             Began as a Deep Dwarf Necromancer on Jan 5, 2018.
             Quit the game on level 2 of the Dungeon.
             The game lasted 00:01:56 (1113 turns).

Monsterracer the Grave Robber (DDNe)                Turns: 1113, Time: 00:01:56

Health: 5/28       AC:  2    Str: 11    XL:     3   Next: 51%
Magic:  1/5        EV: 12    Int: 16    God:
Gold:   110        SH:  0    Dex: 13    Spells: 5/6 levels left

rFire    . . .     SeeInvis .   d - +0 mace
rCold    . . .     Gourm    .   (no shield)
rNeg     . . .     Faith    .   a - +0 robe
rPois    .         Spirit   .   (no helmet)
rElec    .         Reflect  .   (no cloak)
rCorr    .         Harm     .   (no gloves)
MR       .....                  (no boots)
Stlth    ++........             (no amulet)
HPRegen  0.00/turn              (no ring)
MPRegen  0.09/turn              (no ring)

@: non-regenerating
A: damage resistance, heal wounds, sense surroundings 1, no regeneration
a: Heal Wounds


You were on level 2 of the Dungeon.
You were hungry.

You visited 1 branch of the dungeon, and saw 2 of its levels.

You collected 110 gold pieces.

Inventory:

Hand Weapons
 d - a +0 mace (weapon)
Armour
 a - a +0 robe (worn)
Scrolls
 f - a scroll of teleportation {unknown}
Potions
 e - a potion of heal wounds {unknown}
Books
 b - a book of Necromancy

   Spells                             Type                      Level
   a - Pain                           Necromancy                   1
   b - Animate Skeleton               Necromancy                   1
   c - Vampiric Draining              Necromancy                   3
   d - Regeneration                   Charms/Necromancy            3
   e - Animate Dead                   Necromancy                   4
   f - Borgnjor's Vile Clutch         Necromancy/Earth             5
Comestibles
 c - 3 rations


   Skills:
 - Level 2.1 Dodging
 - Level 2.4 Stealth
 + Level 2.3 Spellcasting
 * Level 5.4 Necromancy


You had 5 spell levels left.
You knew the following spells:

 Your Spells              Type           Power        Failure   Level  Hunger
a - Pain                  Necr           ###.         2%          1    #......


Dungeon Overview and Level Annotations

Branches:
Dungeon (2/15)

Altars:
Elyvilon


Innate Abilities, Weirdness & Mutations

You are resistant to damage.
You can heal yourself by infusing magical energy.
You passively map a small area around you.
You do not regenerate.


Message History

Casting: Pain
Confirm with . or Enter, or press ? or * to list all spells.
You can't see any susceptible monsters within range! (Use Z to cast anyway.) Unknown command.
Casting: Pain
Confirm with . or Enter, or press ? or * to list all spells.
You can't see any susceptible monsters within range! (Use Z to cast anyway.) Unknown command.
Casting: Pain
Confirm with . or Enter, or press ? or * to list all spells.
You can't see any susceptible monsters within range! (Use Z to cast anyway.)
You now have 110 gold pieces (gained 10).
Things that are here:
a dagger; 12 stones MP restored: 5 You butcher the frilled lizard corpse.
g - a chunk of flesh Eating a chunk of flesh.
You eat the chunk of flesh.
This raw flesh tastes terrible.
There is an open door here.
You open the door.
There is an open door here.
Terence the Incautious comes into view.
He is wielding a flail.
Terence is nearby!
Casting: Pain
Confirm with . or Enter, or press ? or * to list all spells.
Aiming: Pain
Press: ? - help, Shift-Dir - straight line, f - Terence
Aim: Terence, wielding a flail and wearing a scale mail (resting, chance to defeat MR: 81%) Terence shouts!
Terence writhes in agony!
You hear an angry hiss.
You now have 4/5 mp.
Casting: Pain
Confirm with . or Enter, or press ? or * to list all spells.
Aiming: Pain
Press: ? - help, Shift-Dir - straight line, f/p - Terence
Aim: Terence, wielding a flail and wearing a scale mail (moderately wounded, chance to defeat MR: 81%) Terence writhes in agony!
An adder comes into view.
You now have 3/5 mp.
Casting: Pain
Confirm with . or Enter, or press ? or * to list all spells.
Aiming: Pain
Press: ? - help, Shift-Dir - straight line, f/p - Terence
Aim: Terence, wielding a flail and wearing a scale mail (moderately wounded, chance to defeat MR: 81%) Terence barely resists.
The adder hisses angrily.
You now have 2/5 mp.
Casting: Pain
Confirm with . or Enter, or press ? or * to list all spells.
Aiming: Pain
Press: ? - help, Shift-Dir - straight line, f/p - Terence
Aim: Terence, wielding a flail and wearing a scale mail (moderately wounded, chance to defeat MR: 81%) Terence barely resists.
You now have 1/5 mp.
Unknown command.
Casting: Pain
Confirm with . or Enter, or press ? or * to list all spells.
Aiming: Pain
Press: ? - help, Shift-Dir - straight line, f/p - Terence
Aim: Terence, wielding a flail and wearing a scale mail (moderately wounded, chance to defeat MR: 81%) Terence writhes in agony!
You are feeling hungry.
Terence hits you with a flail.
* * * LOW HITPOINT WARNING * * *
You take 2 damage, and have 2/22 hp.
You now have 0/5 mp.
Your magical essence is drained by the effort!
You feel much better. Terence closely misses you.
You regained 12 hp, and now have 14/22 hp.
You closely miss Terence.
Terence is heavily wounded.
Terence closely misses you.
You closely miss Terence.
Terence is heavily wounded.
Terence misses you.
You barely miss Terence.
Terence is heavily wounded.
Terence closely misses you. Terence hits you with a flail.
* * * LOW HITPOINT WARNING * * *
You take 4 damage, and have 10/22 hp.
You barely miss Terence.
Terence is heavily wounded.
Terence hits you with a flail.
* * * LOW HITPOINT WARNING * * *
You take 3 damage, and have 7/22 hp.
You hit Terence.
Terence is severely wounded.
Terence misses you.
Unknown command.
You sock Terence!
You kill Terence!
You have reached level 3!
Your experience leads to an increase in your attributes!
Increase (S)trength, (I)ntelligence, or (D)exterity?
You feel clever. The adder bites you.
* * * LOW HITPOINT WARNING * * *
You take 2 damage, and have 5/28 hp.
Are you sure you want to abandon this character and quit the game? (Confirm with "yes".)

, #. ## #.# *.## , * *
#.#.## .. #.#.., .. , *
#.#.# *.#* * , #.#.# .#
######### #...###S# , ,
, ........# #.....@.#*
, #######.# #...######.
.....##.###..........>,
*
####.##...............
#.#######..######[## *
####.# #..........# ,
.....# ##.######..#
.....# #.# #..# *#...#
#.# #..######


You could see an adder.

Vanquished Creatures
  Terence (D:2)
  A dart slug (D:1)
  A giant cockroach (D:1)
  2 hobgoblins (D:1)
  7 jackals (D:1)
  A kobold (D:2)
  A bat (D:1)
  A frilled lizard (D:2)
  2 goblins
  4 rats (D:1)
21 creatures vanquished.

Notes
Turn   | Place    | Note
-------+----------+-------------------------------------------
     0 | D:1      | Monsterracer the Deep Dwarf Necromancer began the quest for the Orb.
     0 | D:1      | Reached XP level 1. HP: 15/15 MP: 3/3
   308 | D:1      | Reached XP level 2. HP: 17/22 MP: 1/5
   566 | D:1      | HP: 11/22 [jackal (2)]
   579 | D:1      | Reached skill level 5 in Necromancy
   648 | D:1      | HP: 5/22 [rat (2)]
   921 | D:2      | Found a white marble altar of Elyvilon.
  1007 | D:2      | HP: 4/22 [goblin/stone (1)]
  1100 | D:2      | Noticed Terence
  1105 | D:2      | HP: 2/22 [Terence/flail (2)]
  1110 | D:2      | HP: 7/22 [Terence/flail (3)]
  1112 | D:2      | Killed Terence
  1112 | D:2      | Reached XP level 3. HP: 9/28 MP: 1/5
  1113 | D:2      | Quit the game

Skill      XL: |  1  2 |
---------------+-------+-----
Spellcasting   | 2 |  2.3
Necromancy     | 5 |  5.4
Dodging        | |  2.1
Stealth        | |  2.4

Action                   || total
-------------------------++-------
Melee: Dagger            ||    15
       Mace              ||    29
 Cast: Pain              ||    47
 Abil: Heal Wounds       ||     1
  Eat: Chunk             ||     1
Armor: Robe              ||     8
Dodge: Dodged            ||    53

Vault maps used:
D:1:      minmay_arrival_four_circles, feat_on_display
D:2:      grunt_gozag_statues, elyvilon_altar_4, first_ration,
          lightli_corner_chamber, uniq_terence
